Map: Emerald City LE

Players

Massa - Winner!

  • Race: Terran Terran
  • League: Platinum
  • Spawn Location: 5:00

qqq - Winner!

  • Race: Zerg Zerg
  • League: Platinum
  • Spawn Location: 5:00

Pommesgabel

  • Race: Protoss Protoss
  • Spawn Location: 11:00

Xophy

  • Race: Zerg Zerg
  • League: Gold
  • Spawn Location: 11:00

VOD

Have the link to the VOD?

Description

Time

  • Played on: Nov. 20, 2020, 3:49 p.m.
  • Length: 9:09
Show
View Real Time Build Order
Export as new Build Order

Massa Terran - Winner!

Build Orders:  

Get SALT Encoding   

  12  0:00  SCV  
  13  0:12  SCV  
  14  0:22  Supply Depot  
  14  0:24  SCV  
  15  0:36  Refinery  
  15  0:43  SCV  
  15  0:45  Barracks  
  16  0:55  SCV  
  17  1:07  SCV  
  18  1:19  SCV  
  20  1:35  Orbital Command  
  20  1:36  Reaper  
  20  1:49  Command Center  
  20  2:01  SCV  
  21  2:08  Marine  
  21  2:14  Supply Depot  
  21  2:15  Factory  
  22  2:18  SCV  
  23  2:26  Barracks Reactor  
  23  2:33  Refinery  
  23  2:35  SCV, Supply Depot  
  24  2:47  SCV  
  25  3:12  Orbital Command  
  25  3:13  SCV  
  25  3:15  Starport  
  25  3:16  Hellion x2  
  25  3:19  Supply Depot  
  30  3:22  Barracks Tech Lab  
  30  3:25  SCV  
  31  3:30  Barracks  
  31  3:37  SCV, Hellion  
  31  3:38  Hellion  
  36  3:42  SCV  
  37  4:00  Widow Mine x2  
  41  4:06  Marauder, Stimpack  
  41  4:08  SCV x2  
  45  4:14  Refinery  
  45  4:19  Engineering Bay  
  45  4:20  SCV x2  
  47  4:25  Barracks  
  47  4:28  Barracks Reactor  
  47  4:32  SCV  
  40  5:03  SCV  
  40  5:04  SCV  
  42  5:08  Missile Turret  
  42  5:09  Missile Turret  
  42  5:15  SCV, Command Center  
  42  5:16  SCV  
  42  5:18  Command Center  
  42  5:19  Starport Reactor  
  46  5:21  Widow Mine x2  
  46  5:23  Marauder  
  46  5:24  Barracks Reactor  
  46  5:26  Marine x2  
  46  5:28  SCV x2  
  54  5:39  Supply Depot  
  54  5:40  SCV x2  
  58  5:43  Widow Mine  
  58  5:44  Marauder, Marine  
  58  5:46  Combat Shield  
  57  6:14  Marauder, Marine x3  
  57  6:15  Marine  
  63  6:20  Missile Turret  
  63  6:22  Refinery, Sensor Tower  
  63  6:26  Medivac x2  
  63  6:32  Marine x4  
  69  6:35  Marauder  
  70  6:50  Marine x4  
  70  6:51  Barracks  
  70  6:52  Factory Tech Lab  
  74  6:56  Marauder, Medivac x2  
  74  6:58  SCV  
  74  6:59  SCV  
  82  7:07  SCV, Marine  
  84  7:10  SCV  
  84  7:11  SCV  
  86  7:18  Marauder  
  86  7:19  SCV  
  90  7:22  SCV  
  90  7:23  SCV  
  90  7:24  Missile Turret  
  90  7:25  Armory, Missile Turret  
  91  7:31  SCV  
  91  7:34  SCV  
  91  7:35  SCV  
  93  7:39  Marauder, Marine x4  
  93  7:43  SCV  
  100  7:46  Missile Turret  
  100  7:50  Supply Depot  
  100  7:53  Supply Depot  
  100  8:11  SCV  
  102  8:19  SCV x2  
  104  8:21  Planetary Fortress  
  104  8:23  SCV  
  104  8:31  SCV x2  
  106  8:35  SCV  
  107  8:43  SCV x2  
  107  8:48  SCV  
Show
View Real Time Build Order
Export as new Build Order

qqq Zerg - Winner!

Build Orders: Hatch First 

Get SALT Encoding   

  12  0:00  Drone  
  13  0:13  Drone  
  14  0:27  Overlord  
  14  0:46  Hatchery  
  13  0:52  Drone  
  13  0:55  Drone  
  13  0:56  Drone  
  16  1:00  Extractor  
  15  1:15  Drone x2  
  17  1:27  Spawning Pool  
  16  1:36  Drone x2  
  18  1:49  Drone  
  19  2:07  Drone  
  20  2:09  Drone  
  20  2:14  Overlord  
  20  2:15  Queen  
  23  2:16  Queen  
  23  2:22  Metabolic Boost  
  25  2:36  Spine Crawler  
  24  2:37  Drone x2  
  24  2:38  Drone  
  24  2:42  Zergling x2  
  28  2:44  Zergling x2  
  29  2:54  Zergling x2  
  29  2:55  Zergling x2  
  31  3:04  Drone, Zergling x2  
  33  3:08  Overlord  
  33  3:12  Lair  
  33  3:15  Drone  
  33  3:16  Zergling x2  
  35  3:22  Drone  
  37  3:27  Zergling x2  
  37  3:33  Drone  
  38  3:36  Zergling x2  
  38  3:38  Drone, Zergling x4  
  38  3:40  Zergling x2  
  38  3:41  Zergling x2  
  44  3:52  Overlord x2  
  44  4:11  Hatchery  
  44  4:13  Extractor  
  44  4:14  Drone x4  
  44  4:15  Drone  
  45  4:39  Zergling x8  
  45  4:40  Drone x7  
  51  5:00  Zergling x2  
  51  5:01  Drone x2  
  51  5:05  Spire  
  52  5:09  Drone  
  49  5:19  Drone x2  
  49  5:20  Baneling Nest  
  50  5:22  Drone  
  50  5:23  Extractor  
  50  5:25  Extractor  
  49  5:30  Drone x2  
  49  5:32  Overlord  
  49  5:35  Spore Crawler  
  50  5:37  Spore Crawler  
  50  5:39  Hatchery  
  48  5:44  Overlord  
  48  5:45  Overlord  
  48  5:46  Drone x3  
  51  5:52  Zergling x4  
  51  5:53  Zergling x2  
  51  5:54  Drone  
  55  6:09  Drone x2  
  55  6:10  Drone x4  
  61  6:13  Zergling x4  
  61  6:15  Baneling x5  
  61  6:18  Drone  
  61  6:20  Queen  
  63  6:36  Drone x4, Spore Crawler  
  63  6:37  Drone x2  
  68  6:44  Drone x2  
  68  6:46  Corruptor x2  
  68  6:47  Corruptor  
  68  6:53  Corruptor, Infestation Pit  
  72  6:55  Drone x2  
  72  6:56  Drone  
  75  7:01  Baneling  
  75  7:02  Baneling x4  
  75  7:04  Corruptor  
  75  7:08  Overlord  
  76  7:26  Mutalisk x5  
  79  7:37  Spine Crawler  
  79  7:39  Drone x3  
  79  7:40  Drone x3, Spine Crawler  
  81  7:52  Mutalisk  
  83  7:59  Drone x2  
  83  8:00  Drone  
  86  8:10  Hatchery  
  84  8:17  Hatchery  
  83  8:27  Mutalisk  
  83  8:28  Mutalisk x2  
  83  8:32  Overlord x3  
  83  8:33  Overlord  
  89  8:40  Extractor  
  89  8:41  Drone x2, Extractor  
Show
View Real Time Build Order
Export as new Build Order

Pommesgabel Protoss 

Build Orders: Phoenix Opening, Mass Phoenix 

Get SALT Encoding   

  12  0:00  Probe  
  13  0:14  Pylon  
  13  0:18  Probe  
  14  0:35  Gateway  
  14  0:42  Probe (Chrono Boost)  
  15  0:49  Pylon  
  15  0:52  Probe (Chrono Boost)  
  16  1:02  Probe  
  17  1:10  Assimilator  
  17  1:12  Assimilator  
  17  1:14  Probe  
  18  1:22  Cybernetics Core  
  18  1:26  Probe  
  18  1:40  Probe (Chrono Boost)  
  19  1:52  Probe (Chrono Boost)  
  20  2:00  Probe (Chrono Boost)  
  21  2:07  Probe  
  22  2:11  Stargate  
  22  2:24  Nexus  
  22  2:32  Probe  
  23  2:38  Pylon  
  23  2:52  Stargate  
  23  2:55  Phoenix  
  23  2:57  Probe  
  26  3:09  Probe  
  27  3:19  Assimilator  
  27  3:21  Phoenix  
  29  3:35  Phoenix  
  29  3:39  Probe x2  
  33  3:49  Phoenix  
  33  3:51  Probe x2  
  37  3:59  Zealot  
  39  4:04  Pylon  
  39  4:05  Phoenix  
  41  4:19  Forge  
  41  4:24  Phoenix  
  39  4:38  Adept  
  39  5:02  Phoenix  
  39  5:03  Phoenix  
  43  5:08  Adept  
  45  5:24  Void Ray  
  45  5:33  Probe (Chrono Boost)  
  45  5:34  Probe (Chrono Boost)  
  51  5:45  Probe (Chrono Boost)  
  51  5:46  Probe (Chrono Boost)  
  53  5:52  Probe x2 (Chrono Boost)  
  51  5:59  Probe  
  52  6:04  Void Ray  
  52  6:42  Void Ray (Chrono Boost)  
  52  6:43  Void Ray (Chrono Boost)  
  60  7:04  Probe x2 (Chrono Boost)  
  60  7:07  Assimilator  
  62  7:20  Pylon  
  62  7:25  Nexus  
  62  7:26  Probe (Chrono Boost)  
  62  7:31  Pylon  
  62  7:38  Probe x2  
  62  7:42  Void Ray  
  62  7:43  Void Ray  
  64  7:50  Probe  
  73  7:56  Stargate  
  73  7:58  Pylon  
  73  8:08  Probe x2  
  75  8:19  Void Ray  
  75  8:20  Probe x2  
  81  8:32  Probe  
  81  8:33  Probe  
  83  8:39  Probe  
  85  8:44  Probe  
  85  8:45  Probe  
  86  8:51  Probe  
  71  8:57  Probe  
Show
View Real Time Build Order
Export as new Build Order

Xophy Zerg 

Build Orders: 3 Hatch before Pool 

Get SALT Encoding   

  12  0:01  Drone  
  13  0:08  Drone  
  14  0:16  Overlord  
  14  0:20  Extractor  
  13  0:23  Drone  
  15  0:35  Drone x2  
  17  0:44  Drone  
  18  0:58  Drone  
  18  1:01  Hatchery  
  19  1:06  Hatchery  
  18  1:13  Drone, Extractor  
  18  1:24  Spawning Pool  
  17  1:44  Drone x2  
  17  1:45  Drone  
  20  1:55  Overlord  
  20  2:12  Queen  
  20  2:14  Metabolic Boost  
  22  2:18  Queen  
  22  2:22  Zergling x6  
  27  2:30  Drone x2  
  28  2:58  Extractor  
  27  3:04  Drone x5  
  27  3:05  Drone  
  33  3:21  Drone x2  
  33  3:24  Hatchery  
  34  3:27  Drone  
  34  3:28  Overlord  
  35  3:35  Overlord  
  35  3:38  Lair  
  35  3:48  Roach Warren  
  35  3:52  Spine Crawler  
  35  3:53  Spine Crawler, Zergling x2  
  35  3:54  Zergling x2  
  34  4:02  Zergling x6  
  37  4:03  Zergling x2  
  35  4:45  Zergling x20  
  37  5:09  Drone  
  37  5:10  Drone x5  
  41  5:17  Extractor  
  40  5:24  Overlord  
  40  5:29  Hatchery  
  40  5:33  Drone x2  
  40  5:34  Drone  
  42  5:40  Overlord  
  42  5:41  Overlord  
  42  5:42  Queen  
  42  5:48  Glial Reconstitution  
  44  6:25  Drone x3  
  46  6:30  Drone  
  46  6:31  Drone x5  
  53  6:39  Evolution Chamber x2  
  51  6:41  Hydralisk Den  
  51  6:42  Drone  
  51  6:50  Extractor  
  50  6:54  Queen  
  52  7:09  Drone  
  52  7:10  Drone x9  
  54  7:45  Drone  
  54  7:46  Drone x10  
  65  8:02  Overlord x3  
  65  8:03  Overlord x2  
  60  8:15  Overlord x2  
  60  8:17  Drone x6  
Tags
 
Add a new tag
Caveats
  • Supply blocks, unpowered buildings, or Contaminate may cause inaccurate times.
  • Supply counts are checked every 10 seconds.